 Dungeon Crawl Stone Soup version 0.27.1-15-g792fb953b9 (webtiles) character file.

Game seed: 1350716596128260139

23474 tizbic2 the Nimble (level 12, -11/91 HPs)
             Began as a Demonspawn Hunter on Nov 19, 2021.
             Was a Believer of Ru.
             Killed from afar by an eleionoma (44 damage)
             ... with a spray of wooden splinters
             ... on level 1 of the Swamp.
             The game lasted 01:36:44 (10914 turns).

tizbic2 the Nimble (Demonspawn Hunter)             Turns: 10914, Time: 01:36:50

Health: -11/91     AC: 19    Str: 19    XL:     12   Next: 72%
Magic:  20/20      EV: 23    Int: 13    God:    Ru [**....]
Gold:   249        SH:  0    Dex: 23    Spells: 21/21 levels left

rFire    . . .     SeeInvis .   w - +2 flail (protect)
rCold    . . .     Faith    .   (no shield)
rNeg     . . .     Spirit   .   E - +3 scale mail
rPois    .         Reflect  .   j - +2 helmet
rElec    .         Harm     .   m - scarf {repulsion}
rCorr    .         Rampage  .   l - +0 pair of gloves of the Equinox {-Cast Will++ Dex+5}
Will     ++...     NoCast   +   (boots unavailable)
Stlth    +.........             B - amulet of regeneration
HPRegen  1.25/turn              O - +6 ring of strength
MPRegen  0.17/turn              I - +4 ring of evasion

@: lethally poisoned (-11 -> -37), unable to read, repel missiles, very slow
A: hooves 3, icy blue scales 2, powered by pain 1, inability to read while
threatened, hated by all
a: Renounce Religion


You were on level 1 of the Swamp.
You worshipped Ru.
Ru was pleased with you.
You visited 4 branches of the dungeon, and saw 13 of its levels.

You collected 549 gold pieces.
You spent 300 gold pieces at shops.

Inventory:

Hand Weapons
 a - the +7 hunting sling of the Tiger {venom, Int+5}
   (You found it on level 7 of the Dungeon)

   Any ammunition fired from it poisons the flesh of those it strikes.
   Int:       It affects your intelligence (+5).
 w - a +2 flail of protection (weapon)
 y - the +5 whip "Acie" {holy, Str+9 Int+4 Stlth-}
   (You found it on level 6 of the Dungeon)

   It has been blessed by the Shining One to cause great damage to the undead
   and demons.
   Str:       It affects your strength (+9).
   Int:       It affects your intelligence (+4).
   Stlth:     It makes you less stealthy.
Missiles
 b - 26 sling bullets
 c - 4 boomerangs
 e - 75 stones
 G - 4 throwing nets
 H - 29 poisoned darts (quivered)
 Q - 6 javelins
Armour
 j - a +2 helmet (worn)
 l - the +0 pair of gloves of the Equinox (worn) {-Cast Will++ Dex+5}
   (You acquired it on level 2 of the Dungeon)

   Dex:       It affects your dexterity (+5).
   -Cast:     It prevents spellcasting.
   Will:      It greatly increases your willpower.
 m - a scarf of repulsion (worn)
 p - a +2 robe of willpower
 E - a +3 scale mail (worn)
Jewellery
 f - a ring of ice
 h - a ring of willpower
 i - an amulet of reflection
 A - the amulet "Hootoucs" {RegenMP Dex+2}
   (You found it on level 4 of the Dungeon)

   [amulet of magic regeneration]

   It increases your rate of magic regeneration.
   Dex:       It affects your dexterity (+2).
 B - an amulet of regeneration (around neck)
 I - a +4 ring of evasion (right hand)
 J - a ring of protection from fire
 O - a +6 ring of strength (left hand)
 S - a ring of resist corrosion
Wands
 x - a wand of polymorph (14)
 M - a wand of iceblast (4)
 T - a wand of paralysis (8)
Scrolls
 d - a scroll of fog
 o - 4 scrolls of teleportation
 C - 3 scrolls of magic mapping
 L - a scroll of enchant armour {unknown}
 N - a scroll of identify
 P - a scroll of amnesia {unknown}
Potions
 g - a potion of haste
 k - 2 potions of attraction {unknown}
 n - 2 potions of flight {unknown}
 q - 5 potions of curing {unknown}
 r - 3 potions of ambrosia {unknown}
 s - a potion of magic {unknown}
 t - a potion of berserk rage {unknown}
 u - a potion of resistance {unknown}
 v - 3 potions of brilliance
 z - a potion of lignification {unknown}
 D - 3 potions of heal wounds
 F - 2 potions of might {unknown}
 K - a potion of degeneration {unknown}
 R - 2 potions of cancellation {unknown}


   Skills:
 - Level 7.6 Fighting
 - Level 6.0 Maces & Flails
 + Level 8.8 Slings
 + Level 8.3 Armour
 + Level 12.9 Dodging
 - Level 0.8 Stealth
 - Level 6.6 Unarmed Combat
 - Level 5.4 Spellcasting
 * Level 3.7 Necromancy


You had 21 spell levels left.
You didn't know any spells.
Your spell library contained the following spells:

 Spells                   Type           Power      Damage    Failure   Level
 Pain                     Necr           52%        1d6       10%         1
 Corpse Rot               Necr/Air       N/A        N/A       32%         2
 Dispel Undead            Necr           13%        3d9       69%         4
 Dazzling Flash           Conj/Hex       6%         N/A       80%         3
 Agony                    Necr           13%        N/A       95%         5
 Silence                  Hex/Air        1%         N/A       100%        5
 Storm Form               Tmut/Air       1%         N/A       100%        7
 Death Channel            Necr           Unusable   N/A       N/A         6
 Haunt                    Necr/Summ      Unusable   N/A       N/A         7

Dungeon Overview and Level Annotations

Branches:
Dungeon (8/15)             Temple (1/1) D:5            Lair (3/6) D:8
  Swamp (1/4) Lair:3       Spider (0/4) Lair:2

Altars:
Ashenzari
Cheibriados
Dithmenos
Elyvilon
Fedhas
Gozag
Hepliaklqana
Kikubaaqudgha
Makhleb
Nemelex Xobeh
Ru
Sif Muna
Trog
Vehumet
Wu Jian
Xom
Yredelemnul
Zin

Shops:
D:1 =

Annotations:
D:5 1 runed translucent door, Whoops's ghost, amateur DsFi


Innate Abilities, Weirdness & Mutations

You have hooves in place of feet.
You are mostly covered in icy blue scales. (AC +3)
You sometimes gain a little power by taking damage.
You sometimes lose the ability to read scrolls when taking damage.
You are hated by all.


Message History

An eleionoma comes into view.
You feel very sick.
The swamp dragon breathes poison at you.
The blast of poison engulfs you.
You are more poisoned.
You focus your inner power and illuminate the swamp dragon in retribution!
You are engulfed in poison gas.
You are more poisoned.
You feel extremely sick.
You focus your inner power and blind the swamp dragon in retribution!
The +7 hunting sling of the Tiger {venom, Int+5} stops dripping with poison.
Your +2 flail of protection hums with potential!
w - a +2 flail of protection (weapon)
You are engulfed in poison gas.
You are more poisoned.
You feel very sick.
You hit the swamp dragon.
Your weapon exudes an aura of protection.
You kick the swamp dragon.
The swamp dragon is lightly wounded.
You are engulfed in poison gas.
You are more poisoned.
You feel threatened and lose the ability to read scrolls!
You feel extremely sick.
The eleionoma flows through the trees.
The swamp dragon misses you. The swamp dragon barely misses you.
The swamp dragon misses you.
You cannot read scrolls in your current state!
You enter the shallow water.
Moving in this stuff is going to be slow.
* * * LOW HITPOINT WARNING * * *
You feel extremely sick.
The swamp dragon breathes poison at you.
The blast of poison misses you.
You cannot read scrolls in your current state!
You feel much better.
You are engulfed in poison gas.
You are more poisoned.
You feel extremely sick.
The swamp dragon is no longer blind.
The eleionoma hurls a spray of splinters at you.
The spray of wooden splinters hits you!!!
You die...

...≈≈≈≈..≈≈≈.. ♣♣♣♣
♣.≈≈..≈♣...♣ ....
♣♣♣♣≈≈≈≈≈.♣♣..♣
....♣♣.♣...≈...♣♣(!♣♣♣ .
♣.≈≈...≈≈≈≈≈≈≈≈(.≈.≈≈♣♣..
♣.≈§...≈≈≈≈≈≈≈≈(.........
♣≈.♣..≈≈≈≈≈≈≈≈≈≈R.$..≈≈.♣
≈.§≈≈..≈≈≈≈†§≈≈§[D☼.≈≈≈.≈
...((♣≈≈≈≈†<≈≈≈☼@≈.≈≈≈≈.♣
≈≈.♣♣♣.≈≈≈.≈≈≈≈☼○☼.≈≈≈≈≈♣
≈≈≈ ♣≈≈≈≈≈≈≈≈≈≈≈.(≈≈≈..≈
≈≈≈ ♣.≈≈≈≈≈≈≈≈≈.≈(§≈≈≈≈.
.≈ ♣♣.≈≈≈≈≈≈≈.≈≈≈≈≈≈≈≈. .
♣...≈..≈..§≈§≈§≈≈≈..
♣♣.≈≈...≈..≈≈≈≈≈.≈..
≈...≈≈≈...≈≈≈.≈≈≈..≈≈
≈≈≈.≈≈≈♣♣♣.......


You could see an eleionoma and a swamp dragon (catching breath, corona).

Vanquished Creatures
  A bunyip (Lair:3)
  4 hydras
  Harold (Lair:2)
  Urug (Lair:1)
  5 death yaks (Lair:2)
  A bog body (Lair:3)
  Pikel (D:7)
  An orb spider (Lair:2)
  3 elephants (Lair:3)
  2 cane toads
  4 komodo dragons
  A polar bear (Lair:1)
  2 hornets (Swamp:1)
  2 tyrant leeches
  Grinder (D:3)
  7 blink frogs
  4 wyverns
  2 spriggans (Swamp:1)
  A hog (Lair:1)
  13 yaks
  4 vampire mosquitoes
  5 swamp worms
  Edmund (D:5)
  8 water moccasins
  3 orc warriors
  9 black bears
  An ice beast (D:8)
  7 wolves
  A lemure (D:7)
  A phantom (D:3)
  7 bullfrogs
  A scorpion (D:8)
  A wyvern skeleton (D:7)
  3 howler monkeys (D:7)
  A jelly (D:5)
  3 hounds
  5 orc priests
  A bullfrog skeleton (D:6)
  A centaur skeleton (D:6)
  An iguana (Lair:3)
  Natasha (thrice) (D:4)
  4 orc wizards
  A hound zombie (D:5)
  8 gnolls
  5 adders
  2 ufetubi (D:5)
  An adder skeleton (D:4)
  3 worms
  A dart slug (D:3)
  30 orcs
  6 endoplasms
  2 giant cockroaches
  10 goblins
  9 hobgoblins
  3 jackals (D:3)
  4 kobolds
  4 quokkas (D:2)
  5 ball pythons
  3 bats
  4 frilled lizards
  6 rats
235 creatures vanquished.

Vanquished Creatures (collateral kills)
  A hound (D:6)
  A shadow imp (D:6)
  An orc (D:6)
3 creatures vanquished.

Vanquished Creatures (others)
  A death yak (Lair:2)
  A cane toad (Lair:2)
  15 fungi
  20 plants
37 creatures vanquished.

Grand Total: 275 creatures vanquished

Notes
Turn   | Place    | Note
-------+----------+-------------------------------------------
     0 | D:1      | tizbic2 the Demonspawn Hunter began the quest for the Orb.
     0 | D:1      | Reached XP level 1. HP: 16/16 MP: 1/1
   178 | D:1      | Reached skill level 2 in Dodging
   313 | D:1      | Gained mutation: You have large cloven feet. [demonic
                  | ancestry]
   313 | D:1      | Reached XP level 2. HP: 22/22 MP: 2/2
   545 | D:1      | Found Inoraum's Jewellery Shoppe.
   591 | D:1      | Identified a scroll of acquirement
   591 | D:1      | Acquired a manual of Dodging
   602 | D:1      | You fall into a shaft and drop 1 floor!
   889 | D:2      | Reached XP level 3. HP: 18/28 MP: 3/3
  1437 | D:2      | Found a faded altar of an unknown god.
  1659 | D:2      | Acquired the +0 pair of gloves of the Equinox {-Cast Will++
                  | Dex+5}
  1689 | D:3      | Got Tifoxt Haut's Guide on Evil and Air
  1881 | D:3      | Noticed a phantom
  1957 | D:3      | Killed a phantom
  1958 | D:3      | Reached skill level 3 in Dodging
  1958 | D:3      | Reached skill level 1 in Unarmed Combat
  1958 | D:3      | Gained mutation: You have hoof-like feet. [demonic
                  | ancestry]
  1958 | D:3      | Reached XP level 4. HP: 13/34 MP: 4/4
  2263 | D:3      | Reached XP level 5. HP: 38/40 MP: 5/5
  2299 | D:3      | Reached skill level 4 in Dodging
  2335 | D:3      | Found a blossoming altar of Fedhas.
  3011 | D:3      | Noticed Grinder
  3092 | D:4      | Gained mutation: You sometimes gain a little power by
                  | taking damage. [demonic ancestry]
  3092 | D:4      | Reached XP level 6. HP: 42/47 MP: 6/6
  3113 | D:4      | Identified the amulet "Hootoucs" {RegenMP Dex+2}
  3138 | D:4      | Noticed Natasha
  3149 | D:4      | Killed Natasha
  3150 | D:4      | Reached skill level 5 in Slings
  3161 | D:4      | Noticed Natasha
  3168 | D:4      | Killed Natasha
  3379 | D:4      | Reached skill level 5 in Dodging
  4017 | D:4      | Noticed Natasha
  4024 | D:4      | Killed Natasha
  4416 | D:1      | Bought an amulet of regeneration for 300 gold pieces
  4599 | D:5      | Entered Level 5 of the Dungeon
  4720 | D:5      | Noticed Edmund
  4754 | D:5      | Killed Edmund
  4755 | D:5      | Gained mutation: You have hooves in place of feet. [demonic
                  | ancestry]
  4755 | D:5      | Reached XP level 7. HP: 30/52 MP: 7/7
  4892 | D:4      | Reached skill level 1 in Maces & Flails
  5125 | D:3      | Killed Grinder
  5126 | D:3      | Reached skill level 6 in Dodging
  5512 | D:3      | You fall into a shaft and drop 1 floor!
  5586 | D:5      | Found a runed translucent door.
  5591 | D:5      | Noticed Whoops's ghost (amateur DsFi)
  5717 | D:5      | Found a staircase to the Ecumenical Temple.
  5734 | Temple   | Entered the Ecumenical Temple
  5940 | Temple   | Became a worshipper of Ru the Awakened
  6090 | D:6      | Identified the +5 whip "Acie" {holy, Str+9 Int+4 Stlth-}
  6180 | D:6      | Found a basalt altar of Yredelemnul.
  6333 | D:6      | Gained mutation: You are partially covered in icy blue
                  | scales. (AC +2) [demonic ancestry]
  6333 | D:6      | Reached XP level 8. HP: 60/60 MP: 8/8
  6571 | D:6      | Found a sparkling altar of Nemelex Xobeh.
  6906 | D:7      | Reached skill level 7 in Dodging
  7002 | D:7      | Identified the +7 hunting sling of the Tiger {venom, Int+5}
  7039 | D:7      | Noticed Pikel
  7057 | D:7      | Killed Pikel
  7058 | D:7      | Reached skill level 1 in Armour
  7058 | D:7      | Reached skill level 1 in Spellcasting
  7129 | D:7      | Reached skill level 8 in Dodging
  7224 | D:7      | Gained mutation: You are hated by all. [Ru sacrifice]
  7224 | D:7      | Reached * piety under Ru
  7467 | D:7      | Reached XP level 9. HP: 67/67 MP: 11/11
  7799 | D:8      | Reached skill level 5 in Fighting
  7867 | D:8      | Reached skill level 9 in Dodging
  7952 | D:8      | Found a staircase to the Lair.
  8115 | D:7      | Reached XP level 10. HP: 67/75 MP: 14/14
  8589 | Lair:1   | Entered Level 1 of the Lair of Beasts
  8706 | Lair:1   | Reached skill level 10 in Dodging
  8827 | Lair:1   | Reached skill level 5 in Armour
  8832 | Lair:1   | Reached skill level 5 in Unarmed Combat
  9254 | Lair:2   | Noticed Urug
  9254 | Lair:2   | Noticed a black mamba
  9259 | Lair:1   | a black mamba changed into a hog
  9277 | Lair:2   | Noticed Harold
  9286 | Lair:1   | Killed Urug
  9316 | Lair:2   | Killed Harold
  9365 | Lair:2   | Reached skill level 11 in Dodging
  9365 | Lair:2   | Reached XP level 11. HP: 82/82 MP: 15/17
  9604 | Lair:1   | Gained mutation: You sometimes lose the ability to read
                  | scrolls when taking damage. [Ru sacrifice]
  9604 | Lair:1   | Reached ** piety under Ru
  9617 | Lair:2   | Reached skill level 5 in Maces & Flails
  9662 | Lair:2   | Noticed a five-headed hydra
  9681 | Lair:2   | Killed a five-headed hydra
  9999 | Lair:2   | Found a hole to the Spider Nest.
  9999 | Lair:2   | Noticed an orb spider
 10003 | Lair:2   | Killed an orb spider
 10078 | Lair:2   | Noticed a death yak
 10078 | Lair:2   | Noticed a death yak
 10078 | Lair:2   | Noticed a death yak
 10078 | Lair:2   | Noticed a death yak
 10079 | Lair:2   | Noticed a death yak
 10079 | Lair:2   | Noticed a death yak
 10107 | Lair:2   | Killed a death yak
 10113 | Lair:2   | Killed a death yak
 10114 | Lair:2   | Reached skill level 12 in Dodging
 10139 | Lair:2   | Killed a death yak
 10150 | Lair:2   | Killed a death yak
 10162 | Lair:2   | Killed a death yak
 10172 | Lair:2   | Killed a death yak
 10173 | Lair:2   | Reached skill level 5 in Spellcasting
 10173 | Lair:2   | Gained mutation: You are mostly covered in icy blue scales.
                  | (AC +3) [demonic ancestry]
 10173 | Lair:2   | Reached XP level 12. HP: 57/91 MP: 19/19
 10539 | Lair:3   | Noticed an eight-headed hydra
 10557 | Lair:3   | Killed an eight-headed hydra
 10676 | Lair:3   | Noticed a five-headed hydra
 10676 | Lair:3   | Noticed a five-headed hydra
 10698 | Lair:3   | Killed a five-headed hydra
 10704 | Lair:3   | Killed a five-headed hydra
 10738 | Lair:3   | Found a staircase to the Swamp.
 10757 | Swamp:1  | Entered Level 1 of the Swamp
 10789 | Swamp:1  | Noticed a bunyip
 10797 | Swamp:1  | Reached skill level 1 in Necromancy
 10823 | Lair:3   | Killed a bunyip
 10909 | Swamp:1  | Noticed an eleionoma
 10914 | Swamp:1  | Killed from afar by an eleionoma

Illustrated notes

Levels and vault maps discovered:
D:1:      minmay_arrival_five_plusses, layout_basic, serial_shops, shop_coins
D:2:      layout_rooms, hellmonk_ecumenical_altar_heavens_door,
          kennysheep_generic_room_6
D:3:      layout_basic, mainiacjoe_overflow_alcove_4, skrybe_limestone_x,
          uniq_grinder
D:4:      layout_basic, uniq_natasha
D:5:      layout_cave_pools, minmay_temple_entry_glass, ebering_ghost_sewer_d,
          minivault_4, uniq_edmund
D:6:      layout_loops_ring, lemuel_crystal_altar, overflow_temple_1_default
D:7:      layout_basic, mainiacjoe_overflow_boulevard, nrook_mini_backslash,
          uniq_pikel
D:8:      layout_gridville, minmay_lair_entry_grove
Temple:   dpeg_chambers_temple
Lair:1:   layout_chaotic_city
Lair:2:   layout_gridlike, nicolae_spider_entry_orb_guardian,
          beast_lair_carwin_10, uniq_urug, uniq_harold
Lair:3:   layout_cave_pods, palyth_hydra_swamp_entry
Swamp:1:  layout_basic_swamp, infiniplex_staircase_pool_2

Skill      XL: |  1  2  3  4  5  6  7  8  9 10 11 12 |
---------------+-------------------------------------+-----
Dodging        | 2 3 4 5 6 8 9 11 12 | 12.9
Slings         | 4 5 6 7 8 |  8.8
Unarmed Combat | 1 2 3 4 5 6 |  6.6
Fighting       | 3 4 5 6 7 |  7.6
Maces & Flails | 1 2 3 4 5 6 |  6.0
Armour         | 2 4 5 7 8 |  8.3
Spellcasting   | 1 2 4 5 |  5.4
Necromancy     | 3 |  3.7
Stealth        | |  0.8

Action                   |  1- 3 |  4- 6 |  7- 9 | 10-12 || total
-------------------------+-------+-------+-------+-------++-------
Melee: Dagger            |    99 |   123 |     9 |       ||   231
       Kick              |    21 |    62 |    69 |   183 ||   335
       Short sword       |     3 |       |       |       ||     3
       Flail             |       |    46 |   155 |   373 ||   574
       Punch             |       |     1 |     1 |    21 ||    23
       Hunting sling     |       |       |     1 |       ||     1
 Fire: Hunting sling     |    60 |    88 |   107 |   162 ||   417
Throw: Boomerang         |       |     5 |       |     1 ||     6
       Javelin           |       |       |       |    10 ||    10
       Dart              |       |       |       |     2 ||     2
Invok: Sacrifice Love    |       |       |     1 |       ||     1
       Sacrifice Words   |       |       |       |     1 ||     1
Evoke: Wand              |       |       |     1 |     1 ||     2
  Use: Scroll            |     2 |     8 |     5 |     1 ||    16
       Potion            |       |       |     3 |     1 ||     4
 Stab: Sleeping          |     1 |       |       |       ||     1
Armor: Leather armour    |    18 |       |       |       ||    18
       Ring mail         |     7 |    66 |       |       ||    73
       Scale mail        |       |       |   105 |   182 ||   287
Dodge: Dodged            |    28 |    69 |   171 |   563 ||   831
       Repelled          |       |       |       |     8 ||     8
Block: Other             |    13 |    28 |       |       ||    41
       Reflection        |       |     1 |       |       ||     1
